 Dungeon Crawl Stone Soup version 0.22-a0-358-g7563fe7 (webtiles) character file.

536632 Sergey the Spry (level 25, -9/144 HPs)
             Began as a Deep Elf Monk on Apr 18, 2018.
             Was the Champion of Hepliaklqana.
             Mangled by a titanic slime creature (70 damage)
             ... on level 4 of the Pits of Slime.
             The game lasted 04:58:59 (62101 turns).

Sergey the Spry (Deep Elf Monk)                    Turns: 62101, Time: 04:59:00

Health: -9/144     AC: 34    Str: 24      XL:     25   Next: 13%
Magic:  0/45       EV: 21    Int: 24 (25) God:    Hepliaklqana [******]
Gold:   23         SH: 32    Dex: 24      Spells: 31/34 levels left

rFire    + + +     SeeInvis +   w - +4 demon blade (freeze)
rCold    + + .     Gourm    .   T - +8 large shield {reflect}
rNeg     + . .     Faith    .   Q - +9 gold dragon scales "Jureko" {rPois rF+ rC+ Dex+4 SInv}
rPois    +         Spirit   +   c - +0 Maxwell's etheric cage {RegenMP+ *Contam rElec MP+4}
rElec    +         Reflect  +   B - scarf {rC+ rF+}
rCorr    +         Harm     .   I - +2 pair of gloves of Disaster {MR+ MP+9}
MR       ++++.     Rnd*Tele +   o - +2 pair of boots of Rodghun {rCorr Str+2 Int+3 Stlth+}
Stlth    ..........             b - amulet of guardian spirit
HPRegen  0.34/turn              U - ring "Kafoyly" {rF+ rN+ MR+ Dex+3} MPRegen 0.79/turn*
                                p - ring "Ziown" {rPois EV+4 Str+6 Int+2, @P1}

@: corroded
A: reduced essence, deterioration 1, teleportitis 1
}: 2/15 runes: serpentine, barnacled
a: Recall Ancestor, Ancestor Identity, Transference, Idealise, Renounce Religion


You were on level 4 of the Pits of Slime.
You worshipped Hepliaklqana.
Hepliaklqana was exalted by your worship.
You were hungry.

You visited 10 branches of the dungeon, and saw 49 of its levels.
You visited 1 bazaar.
You also visited: Sewer, Ossuary, Volcano and Wizlab.

You collected 9862 gold pieces.
You spent 9839 gold pieces at shops.

Inventory:

Hand Weapons
 q - a +2 double sword of holy wrath
 w - a +4 demon blade of freezing (weapon)
 O - a +2 demon blade of electrocution
Missiles
 F - 5 throwing nets {!f}
 N - 51 javelins of returning (quivered) {@Q1}
 S - 14 steel javelins {@Q2}
Armour
 c - the +0 Maxwell's etheric cage (worn) {RegenMP+ *Contam rElec MP+4}
   (You bought it in a shop on level 2 of the Orcish Mines)

   It insulates you from electricity.
   It affects your magic capacity (+4).
   It causes magical contamination when unequipped.
 o - the +2 pair of boots of Rodghun (worn) {rCorr Str+2 Int+3 Stlth+}
   (You bought it in a shop on level 3 of the Snake Pit)

   It affects your strength (+2).
   It affects your intelligence (+3).
   It protects you from acid and corrosion.
   It makes you more stealthy.
 B - a scarf of resistance (worn)
 I - the +2 pair of gloves of Disaster (worn) {MR+ MP+9}
   (You bought it in a shop on level 7 of the Dungeon)

   It affects your resistance to hostile enchantments.
   It affects your magic capacity (+9).
 Q - the +9 gold dragon scales "Jureko" (worn) {rPois rF+ rC+ Dex+4 SInv}
   (You bought it in a shop on level 2 of the Orcish Mines)

   It affects your dexterity (+4).
   It protects you from fire.
   It protects you from cold.
   It protects you from poison.
   It lets you see invisible.
 T - a +8 large shield of reflection (worn)
Jewellery
 b - an amulet of guardian spirit (around neck)
 k - the ring of Salvation {MR+ Dex+3 Slay+5, @P2}
   (You found it on level 14 of the Dungeon)

   [ring of dexterity]

   It affects your dexterity (+3).
   It affects your accuracy and damage with ranged weapons and melee attacks
   (+5).
   It affects your resistance to hostile enchantments.
 p - the ring "Ziown" (right hand) {rPois EV+4 Str+6 Int+2, @P1}
   (You acquired it on level 8 of the Dungeon)

   [ring of evasion]

   It affects your evasion (+4).
   It affects your strength (+6).
   It affects your intelligence (+2).
   It protects you from poison.
 G - the amulet "Afogid" {+Inv rC+ Regen+ Str+3}
   (You bought it in a shop in a bazaar)

   [amulet of regeneration]

   It affects your strength (+3).
   It protects you from cold.
   It lets you turn invisible.
   It increases your rate of regeneration.
 U - the ring "Kafoyly" (left hand) {rF+ rN+ MR+ Dex+3}
   (You found it in a wizard's laboratory)

   [ring of protection from fire]

   It affects your dexterity (+3).
   It protects you from fire.
   It protects you from negative energy.
   It affects your resistance to hostile enchantments.
 X - an uncursed ring of protection from cold {@P4}
Wands
 v - a wand of digging (24)
 A - a wand of acid (14)
 R - a wand of clouds (8)
 Z - a wand of paralysis (29)
Scrolls
 l - 24 scrolls of remove curse {@r2}
 m - 10 scrolls of magic mapping
 s - 10 scrolls of identify {@r1}
 t - 2 scrolls of fear
 u - 10 scrolls of fog
 y - 18 scrolls of teleportation {@r3}
 z - 7 scrolls of immolation
 J - 5 scrolls of blinking
 K - 3 scrolls of vulnerability
 L - 3 scrolls of summoning
Potions
 a - 14 potions of curing {@q2}
 d - 4 potions of cancellation
 g - 3 potions of agility
 h - 5 potions of haste
 n - 9 potions of flight
 r - 4 potions of resistance
 x - 7 potions of magic
 C - 6 potions of invisibility
 D - 8 potions of brilliance
 E - 6 potions of heal wounds {@q1}
 M - 8 potions of might
 P - a potion of berserk rage
 V - 7 potions of ambrosia
Miscellaneous
 i - a phial of floods (inert)
 j - a lightning rod (4/4)
 W - a lamp of fire (inert)
Comestibles
 f - 56 rations


   Skills:
 + Level 17.1 Fighting
   Level 5.8(12.6) Short Blades
 - Level 15.7(16.0) Long Blades
 + Level 12.9 Throwing
 + Level 14.8 Armour
 + Level 19.9 Dodging
 - Level 8.3 Stealth
 + Level 19.3 Shields
 + Level 5.0 Spellcasting
 - Level 4.0 Translocations
 - Level 8.0 Invocations
 - Level 5.0 Evocations


You had 31 spell levels left.
You knew the following spells:

 Your Spells              Type           Power        Failure   Level  Hunger
e - Blink                 Tloc           N/A          85%         2    None
j - Apportation           Tloc           ####..       71%         1    None


Dungeon Overview and Level Annotations

Branches:
Dungeon (15/15)            Temple (1/1) D:4            Lair (6/6) D:8
 Shoals (4/4) Lair:4        Snake (4/4) Lair:2        Slime (5/5) Lair:5
    Orc (2/2) D:9             Elf (3/3) Orc:2        Vaults (4/5) D:14
  Crypt (0/3) Vaults:2     Depths (5/5) D:15            Zot (0/5) Depths:5

Altars:
Ashenzari
Cheibriados
Dithmenos
Elyvilon
Fedhas
Gozag
Hepliaklqana
Kikubaaqudgha
Makhleb
Nemelex Xobeh
Okawaru
Qazlal
Ru
Sif Muna
Trog
Uskayaw
Vehumet
Wu Jian
Xom
Yredelemnul
Zin
The Shining One
Beogh
Jiyva

Shops:
D:7 [   D:9 (:%[   D:12 ((   Orc:2 [!=[(([=*   Shoals:4 [?   Snake:3 :[*!
Vaults:1 [   Vaults:4 =   Depths:4 :

Portals:
Hell: Depths:1 Depths:2 Depths:3 Depths:4
Abyss: Depths:4
Pandemonium: Depths:3 Depths:4 Depths:5
Ziggurat: Depths:5

Annotations:
D:10 1 runed door
Slime:5 Royal Jelly
Elf:1 exclusion: Roxanne, Roxanne
Depths:4 bazaar


Innate Abilities, Weirdness & Mutations

Your life essence is reduced to manifest your ancestor. (-10% HP)
Your body sometimes deteriorates upon taking damage.
You are occasionally teleported next to monsters.


Message History

Two slime creatures merge to form a large slime creature.
The titanic slime creature hits dowan!!!
Dowan is destroyed!
The eye of draining gazes at you.
You feel your power leaking away.
Unknown command.
Unknown command.
The eye of draining gazes at you.
You feel your power leaking away. The eye of draining gazes at you.
You feel your power leaking away.
There is a stone staircase leading down here.
Unknown command.
Unknown command.
Unknown command.
You block the azure jelly's attack. x4
The eye of draining gazes at you.
You feel your power leaking away. The titanic slime creature hits you!!!!
You die...

#..............##
...........#....
..............#.
#.............
#......#.....
#............
##.G..J.......
#..JJ.........
#..@J.........
#.....G...........
.#.#..............
..G#J<...........
..................
.......G..#.......
......#....#.....
..........##...


You could see an acid blob, an azure jelly, a titanic slime creature, 2 large
slime creatures and 4 eyes of draining.

Vanquished Creatures
  A juggernaut (Depths:4)
  Boris (Depths:4)
  Saint Roka (Depths:2)
  3 golden dragons
  2 tentacled monstrosities (Depths:4)
  Jorgrun (Shoals:4)
  5 liches
  2 deep elf blademasters (Elf:3)
  Asterion (Vaults:1)
  2 quicksilver dragons
  2 titans
  A deep elf master archer (Elf:3)
  11 acid blobs
  A sphinx (Vaults:1)
  3 tentacled starspawn (WizLab)
  Donald (Orc:2)
  A draconian monk (Depths:5)
  A shadow dragon (Depths:4)
  3 tengu reavers
  4 azure jellies
  6 nagarajas (Snake:4)
  6 fire giants
  3 vault wardens
  6 frost giants
  9 deep elf sorcerers
  A balrug (Depths:5)
  3 deep elf elementalists (Elf:3)
  An angel (Depths:5)
  A draconian shifter (Depths:5)
  2 spriggan defenders (Depths:2)
  12 stone giants
  A ghoul (Vaults:2)
  6 ironheart preservers
  19 very ugly things
  4 vampire knights (Depths:4)
  Nessos (D:13)
  2 deep elf demonologists (Elf:3)
  2 black draconians (Depths:5)
  A red draconian (Depths:5)
  Snorg (Lair:5)
  4 ettins
  2 death oozes
  6 merfolk impalers
  A green death (Depths:4)
  A merfolk javelineer (Shoals:4)
  3 crystal guardians
  5 yaktaur captains
  Josephine (D:13)
  3 fire dragons
  6 deep elf high priests
  3 deep elf death magi
  7 great orbs of eyes
  7 ice dragons
  3 vault guards
  5 hydras
  5 spriggan air magi
  A caustic shrike simulacrum (Depths:4)
  16 naga warriors
  2 rakshasas
  2 merfolk aquamancers
  4 merfolk avatars
  3 anacondas
  20 two-headed ogres
  An alligator snapping turtle (Shoals:3)
  A death yak (Depths:3)
  4 centaur warriors
  A two-headed ogre (shapeshifter) (Depths:2)
  4 ogre magi
  13 deep troll shamans
  A hell hog (Volcano)
  A spriggan berserker (Depths:4)
  Urug (D:14)
  20 dancing weapons
  A tengu warrior (D:15)
  3 hell knights (Depths:5)
  14 naga sharpshooters
  6 shock serpents
  11 deep elf knights
  A fire crab (Volcano)
  3 iron trolls
  A sixfirhy (Depths:4)
  4 sea snakes
  4 glowing orange brains
  6 skeletal warriors
  20 deep trolls
  3 salamander mystics
  An unseen horror (D:15)
  A glowing orange brain (shapeshifter) (Vaults:4)
  12 deep elf archers
  2 flayed ghosts
  3 necromancers
  A kraken simulacrum (Shoals:4)
  Pikel (D:5)
  3 naga ritualists (Snake:4)
  5 harpies
  3 wizards
  8 ironbrand convokers
  14 orc knights
  A phantasmal warrior (Depths:4)
  39 deep elf magi
  4 wolf spiders
  33 ugly things
  5 mana vipers
  9 cyclopes
  A manticore (shapeshifter) (Vaults:2)
  7 orc sorcerers
  6 salamanders
  4 manticores
  7 fauns
  A moth of wrath (shapeshifter) (Depths:3)
  6 elephants
  A fire giant skeleton (Depths:3)
  3 water nymphs
  2 rust devils
  4 guardian serpents
  A stone giant skeleton (Vaults:2)
  21 black mambas
  7 merfolk sirens
  Psyche (D:12)
  A smoke demon (Depths:4)
  10 vault sentinels
  A spiny frog (shapeshifter) (Vaults:3)
  3 eyes of devastation (WizLab)
  2 gargoyles
  14 naga magi
  4 rime drakes
  11 spiny frogs
  9 komodo dragons
  31 yaktaurs
  3 tengu conjurers (Depths:1)
  2 freezing wraiths
  An entropy weaver simulacrum (Vaults:2)
  8 trolls
  24 merfolk
  2 tyrant leeches (Lair:6)
  Prince Ribbit (D:9)
  2 wind drakes (Shoals:4)
  7 blink frogs
  2 polar bears
  A tengu simulacrum (Vaults:2)
  2 dream sheep (Lair:4)
  5 hornets
  12 hippogriffs
  38 slime creatures
  5 snapping turtles
  A frost giant simulacrum (Depths:4)
  4 spriggans
  A shadow (D:14)
  A human (D:10)
  8 water elementals
  A fire elemental (Elf:1)
  4 wraiths
  17 yaks
  5 basilisks
  6 wyverns
  3 hogs (D:10)
  A spriggan (shapeshifter) (Elf:1)
  3 vampire mosquitoes
  14 golden eyes
  A chaos spawn (Depths:4)
  3 wargs
  4 steam dragons
  53 nagas
  A hell hound (Volcano)
  An acid dragon (Vaults:1)
  2 water moccasins
  A floating eye (shapeshifter) (Depths:4)
  2 porcupines
  A slave (D:5)
  Purgy (Sewer)
  32 orc warriors
  2 ice beasts
  4 sky beasts
  A phantom (D:10)
  An eye of draining (shapeshifter) (Vaults:1)
  A black bear (D:10)
  13 boggarts
  16 ogres
  3 wolves
  9 centaurs
  An eye of draining (D:14)
  7 crocodiles
  3 big kobolds
  19 bullfrogs
  A glowing shapeshifter simulacrum (Depths:4)
  A human skeleton (Vaults:2)
  An earth elemental (Elf:1)
  3 water moccasin zombies (Ossuary)
  2 scorpions
  4 killer bees (D:10)
  A water moccasin skeleton (D:4)
  3 wights (D:12)
  8 electric eels
  2 crimson imps
  A centaur zombie (D:8)
  A bullfrog zombie (D:9)
  2 human simulacra (Vaults:3)
  3 starcursed masses (WizLab)
  7 jellies
  5 lava snakes (Volcano)
  2 quasits (Depths:4)
  2 iron imps
  19 orc wizards
  2 gnoll shamans
  14 orc priests
  2 bullfrog skeletons
  3 centaur skeletons
  8 hounds
  Terence (D:2)
  An iguana (D:5)
  8 worker ants
  2 big kobold zombies (Ossuary)
  A hound skeleton (D:6)
  2 mummies (Ossuary)
  2 worker ant zombies
  Robin (D:1)
  13 adders
  12 gnolls
  4 shadow imps
  A white imp (Depths:4)
  2 ufetubi (Depths:4)
  2 oozes
  6 adder zombies (Ossuary)
  6 worms
  2 dart slugs (D:2)
  8 leopard geckos
  80 orcs
  9 bats
  6 giant cockroaches
  14 goblins
  10 hobgoblins
  21 jackals
  5 quokkas
  5 ball pythons
  8 frilled lizards
  A gnoll zombie (Ossuary)
  5 hobgoblin zombies (Ossuary)
  17 kobolds
  11 kobold zombies (Ossuary)
  3 orc zombies (Ossuary)
  A quokka skeleton (D:9)
  A quokka zombie (D:5)
  7 rats
  A butterfly (D:10)
  A crawling corpse (Elf:3)
  4 fungi
  6 starspawn tentacles (WizLab)
  A tentacle (Shoals:4)
1425 creatures vanquished.

Vanquished Creatures (collateral kills)
  Bai Suzhen (Depths:1)
  the Enchantress (Depths:2)
  A bone dragon (Depths:5)
  Rupert (D:13)
  A moon troll (WizLab)
  A tentacled monstrosity (Vaults:4)
  2 quicksilver dragons (WizLab)
  6 acid blobs (Slime:5)
  Kirke (D:12)
  Agnes (Elf:1)
  4 tentacled starspawn (WizLab)
  A sphinx (Vaults:4)
  8 azure jellies
  4 fire giants
  Ilsuiw (Shoals:3)
  10 nagarajas
  An iron dragon (Depths:5)
  A frost giant (Depths:2)
  5 vault wardens
  An orc warlord (Orc:2)
  A cacodemon (WizLab)
  3 deep elf elementalists (Elf:3)
  3 ironheart preservers
  A spriggan defender (Depths:2)
  8 very ugly things
  2 vampire knights (Depths:5)
  9 stone giants
  A yellow draconian (Depths:5)
  A black draconian (Depths:5)
  A spark wasp (Depths:4)
  3 deep elf demonologists
  A white draconian (Depths:5)
  4 deep elf annihilators (Elf:3)
  The ghost of Rhok the Cleaver, a journeyman VSBe of Trog (D:15)
  4 death oozes
  3 merfolk impalers
  2 deep elf death magi (Elf:3)
  3 ettins
  A merfolk javelineer (Shoals:4)
  2 deep elf high priests
  4 fire dragons (Depths:5)
  6 great orbs of eyes
  Erolcha (D:11)
  A vault guard (Vaults:3)
  3 yaktaur captains
  4 ice dragons
  16 naga warriors
  5 hydras
  2 rakshasas
  2 centaur warriors
  A catoblepas (D:13)
  An alligator snapping turtle (Shoals:1)
  5 merfolk avatars
  3 ogre magi
  2 death yaks (Depths:3)
  6 anacondas
  A deep troll shaman (Depths:3)
  5 satyrs
  4 tengu warriors
  6 two-headed ogres
  3 vampire magi
  9 dancing weapons
  2 spriggan berserkers
  10 naga sharpshooters
  A deep elf knight (Elf:2)
  3 hell knights (Depths:5)
  An orange crystal statue (WizLab)
  11 sea snakes
  A shadow wraith (Vaults:4)
  4 skeletal warriors (Vaults:2)
  A flayed ghost (D:9)
  3 unseen horrors
  11 deep trolls
  An unseen horror (shapeshifter) (Depths:1)
  2 tengu zombies
  3 deep elf archers
  An ironbrand convoker (Vaults:4)
  4 glowing orange brains
  An infernal demonspawn (Depths:5)
  4 orc knights
  2 necromancers
  4 naga ritualists (Snake:4)
  12 deep elf magi
  3 wizards
  A wolf spider zombie (D:15)
  3 mana vipers
  A harpy (Shoals:3)
  A wolf spider (Vaults:1)
  3 orc sorcerers
  7 shining eyes
  23 ugly things
  7 cyclopes
  4 salamanders
  8 fauns
  A frost giant zombie (Vaults:2)
  8 manticores
  4 elephants
  3 guardian serpents
  12 spiny frogs
  A smoke demon (Depths:5)
  8 naga magi
  A vault sentinel (Vaults:4)
  6 black mambas
  3 merfolk sirens
  A gargoyle (D:10)
  3 molten gargoyles
  3 centaur skeletons (D:13)
  3 eyes of devastation
  3 rime drakes (Lair:5)
  6 komodo dragons
  An elf zombie (Depths:4)
  A freezing wraith (Vaults:3)
  13 yaktaurs
  A komodo dragon (shapeshifter) (Elf:3)
  2 trolls
  A tengu conjurer (Depths:4)
  2 hornets
  2 tyrant leeches (Lair:6)
  13 merfolk
  14 blink frogs
  39 slime creatures
  2 snapping turtles (Shoals:1)
  2 wind drakes (Shoals:4)
  5 dream sheep
  A sphinx simulacrum (Depths:3)
  6 hippogriffs
  A hippogriff (shapeshifter) (Vaults:1)
  An air elemental (Elf:1)
  8 wraiths
  4 spriggans
  4 wyverns
  A hog (D:12)
  14 yaks
  A fire bat (D:9)
  7 water elementals
  5 basilisks
  4 golden eyes
  3 neqoxecs (WizLab)
  Menkaure (D:4)
  3 vampire mosquitoes (Lair:6)
  5 wargs
  An acid dragon (D:11)
  21 nagas
  3 water moccasins
  4 porcupines (D:8)
  A deep troll skeleton (Vaults:2)
  16 orc warriors
  2 sky beasts
  2 eyes of draining
  A necrophage (D:13)
  An ice beast (D:12)
  4 centaurs
  4 ogres
  A boggart (Depths:4)
  8 wolves
  4 crocodiles
  2 big kobolds
  6 bullfrogs
  5 scorpions
  A killer bee (D:10)
  2 crimson imps
  A lava snake (Volcano)
  A bullfrog zombie (D:9)
  5 starcursed masses (WizLab)
  A centaur zombie (D:8)
  A jelly (D:9)
  A human simulacrum (Vaults:2)
  5 orc priests
  11 orc wizards
  An iguana (D:13)
  8 worker ants
  A gnoll (Orc:2)
  2 adders (D:11)
  2 shadow imps
  27 orcs
  6 kobolds
  A quokka (D:10)
  4 bats (D:9)
  2 butterflies (D:10)
  A fungus (Lair:3)
  6 plants
  4 starspawn tentacles (WizLab)
752 creatures vanquished.

Vanquished Creatures (others)
  Mara (Depths:4)
  A deep elf master archer (Elf:3)
  A vault warden (Vaults:2)
  4 stone giants
  2 merfolk javelineers (Shoals:4)
  3 yaktaur captains
  4 centaur warriors
  A satyr (Shoals:4)
  Sonja (D:12)
  A phantasmal warrior (Depths:4)
  A necromancer (Depths:2)
  2 deep elf magi (Elf:1)
  A cyclops (Depths:3)
  13 yaktaurs
  An eye of draining (Slime:3)
  2 centaurs
  A bullfrog (D:6)
  A crimson imp (D:6)
  A hound (D:6)
  55 battlemagi
  An orc wizard (D:6)
  An orc (D:6)
  A hobgoblin zombie (Ossuary)
  A bush (D:8)
  A crawling corpse (Elf:3)
  36 fungi
  71 plants
  7 starspawn tentacles (WizLab)
  3 tentacles (Shoals:4)
219 creatures vanquished.

Grand Total: 2396 creatures vanquished

Notes
Turn   | Place    | Note
-------+----------+-------------------------------------------
     0 | D:1      | Sergey the Deep Elf Monk began the quest for the Orb.
     0 | D:1      | Reached XP level 1. HP: 13/13 MP: 3/3
   982 | D:2      | Noticed Robin
  1009 | D:1      | Reached XP level 2. HP: 16/18 MP: 4/4
  1052 | D:1      | Killed Robin
  1210 | D:2      | Noticed a centaur
  1220 | D:2      | Killed a centaur
  1220 | D:2      | Reached XP level 3. HP: 21/23 MP: 5/5
  1220 | D:2      | Reached XP level 4. HP: 26/28 MP: 6/6
  1264 | D:2      | Found a deep blue altar of Sif Muna.
  1320 | D:2      | Reached XP level 5. HP: 29/32 MP: 7/7
  2324 | D:2      | Noticed Terence
  2347 | D:2      | Killed Terence
  2520 | D:2      | Found Zin's Purification Station.
  2615 | D:2      | Found a glowing silver altar of Zin.
  2620 | D:2      | Bought a potion of curing for 90 gold pieces
  2900 | D:3      | Found a glowing drain.
  2911 | Sewer    | Entered a sewer
  2950 | Sewer    | Noticed Purgy
  2965 | Sewer    | Killed Purgy
  2965 | Sewer    | Reached skill level 5 in Dodging
  2965 | Sewer    | Reached XP level 6. HP: 37/37 MP: 8/8
  3158 | D:2      | Reached skill level 5 in Long Blades
  3848 | D:3      | Found an ornate altar of the Wu Jian Council.
  3851 | D:3      | Found an iron altar of Okawaru.
  4160 | D:4      | Found a staircase to the Ecumenical Temple.
  4167 | Temple   | Entered the Ecumenical Temple
  4560 | D:4      | Found a sand-covered staircase.
  4565 | Ossuary  | Entered an ossuary
  5015 | Ossuary  | Reached XP level 7. HP: 26/42 MP: 9/9
  6460 | D:4      | Noticed Menkaure
  6474 | D:4      | Got an ancient short sword
  6481 | D:5      | Entered Level 5 of the Dungeon
  6485 | D:5      | Identified the +4 short sword of Havoc {protect, Str+6 Dex-2 SInv Stlth+} (You found it on level 4 of the Dungeon)
  6520 | D:5      | Reached skill level 1 in Short Blades
  7211 | D:5      | Found a bloodstained altar of Trog.
  7352 | D:4      | Got a slimy golden ring
  7355 | D:4      | Identified the ring of the Median {rF+ rN+ MR+} (You found it on level 4 of the Dungeon)
  7402 | D:4      | Reached XP level 8. HP: 48/48 MP: 10/10
  8558 | D:6      | Noticed Pikel
  8620 | D:5      | Killed Pikel
  8620 | D:5      | Reached skill level 5 in Fighting
  8698 | D:6      | Reached skill level 5 in Short Blades
  8700 | D:6      | Reached XP level 9. HP: 52/54 MP: 11/11
  8856 | D:6      | Reached skill level 5 in Stealth
  9600 | D:6      | Got a smoking quarterstaff
  9601 | D:6      | Identified the +7 quarterstaff of Ecko {chaos, +Fly Dex+6} (You found it on level 6 of the Dungeon)
  9770 | D:7      | Found Zynykh's Armour Shop.
  9780 | D:7      | Bought a +0 cloak of poison resistance for 136 gold pieces
  9787 | D:7      | Identified 4 scrolls of acquirement
 10132 | D:7      | Found a snail-covered altar of Cheibriados.
 10210 | D:7      | Found a hazy altar of Hepliaklqana.
 10220 | D:7      | Became a worshipper of Hepliaklqana the Forgotten
 10220 | D:7      | Reached * piety under Hepliaklqana
 10220 | D:7      | Reached ** piety under Hepliaklqana
 10221 | D:7      | Remembered your ancestor dowan as a battlemage
 10360 | D:7      | You fall through a shaft!
 10552 | D:8      | Found a sparkling altar of Nemelex Xobeh.
 10712 | D:7      | Reached XP level 10. HP: 54/54 MP: 12/12
 11102 | D:8      | Found a staircase to the Lair.
 11162 | D:8      | Found a hazy altar of Hepliaklqana.
 11533 | D:9      | Found a white marble altar of Elyvilon.
 11533 | D:9      | Noticed Prince Ribbit
 11536 | D:9      | Killed Prince Ribbit
 11597 | D:9      | Noticed a two-headed ogre
 11604 | D:9      | Killed a two-headed ogre
 11620 | D:9      | Found a staircase to the Orcish Mines.
 11622 | D:9      | Found Kaip Zupn's Weapon Boutique.
 11719 | D:9      | Reached skill level 10 in Long Blades
 11986 | D:9      | Found Xuicotio's Book Shop.
 12108 | D:9      | Found Jaadgh's Antique Armour Boutique.
 12168 | D:9      | Found Husiss's Food Emporium.
 12404 | D:9      | Reached XP level 11. HP: 48/61 MP: 13/13
 12436 | D:9      | Found an opulent altar of Gozag.
 12521 | D:9      | Bought a glowing buckler for 247 gold pieces
 12579 | D:9      | Found a snail-covered altar of Cheibriados.
 12638 | D:9      | Found a runed door.
 12658 | D:9      | Found a snail-covered altar of Cheibriados.
 12672 | D:9      | Found a stormy altar of Qazlal.
 12685 | D:9      | Reached skill level 1 in Shields
 12700 | D:9      | Found a glowing silver altar of Zin.
 12703 | D:9      | Found a sparkling altar of Nemelex Xobeh.
 12807 | D:9      | Found an iron altar of Okawaru.
 12826 | D:9      | Noticed a flayed ghost
 12838 | D:9      | Killed a flayed ghost
 12956 | D:10     | Entered Level 10 of the Dungeon
 13275 | D:10     | Reached *** piety under Hepliaklqana
 13406 | D:10     | Found a runed door.
 13428 | D:10     | Found a runed door.
 13667 | D:10     | Reached skill level 1 in Invocations
 13667 | D:10     | Reached skill level 1 in Evocations
 13798 | D:10     | Noticed a two-headed ogre
 13812 | D:10     | Killed a two-headed ogre
 15131 | D:11     | Noticed Erolcha
 15250 | D:9      | Bought a heavily runed ring mail for 297 gold pieces
 15260 | D:9      | Identified the +1 ring mail "Xuramom" {*Drain +Inv rElec Str-5} (You bought it in a shop on level 9 of the Dungeon)
 15393 | D:7      | Bought the +2 pair of gloves of Disaster {MR+ MP+9} for 736 gold pieces
 15393 | D:7      | Bought a +2 large shield of reflection for 296 gold pieces
 15450 | Lair:1   | Entered Level 1 of the Lair of Beasts
 15459 | D:8      | Got a transparent turquoise ring
 15461 | D:8      | Identified the ring "Ziown" {rPois EV+4 Str+6 Int+2} (You acquired it on level 8 of the Dungeon)
 15467 | D:8      | Got a crude buckler
 15478 | D:8      | Identified the +3 buckler "Ciebbos" {rCorr} (You acquired it on level 8 of the Dungeon)
 15573 | Lair:1   | Reached **** piety under Hepliaklqana
 16436 | Lair:2   | Found a staircase to the Snake Pit.
 16540 | Lair:2   | Reached XP level 12. HP: 65/65 MP: 16/16
 16654 | Lair:2   | Reached ***** piety under Hepliaklqana
 17297 | Lair:3   | Reached skill level 5 in Shields
 17529 | Lair:3   | Reached skill level 5 in Invocations
 17722 | Lair:3   | Reached skill level 1 in Armour
 18114 | Lair:4   | Found a snail-covered altar of Cheibriados.
 18259 | Lair:4   | Found a staircase to the Shoals.
 18259 | Lair:4   | Noticed a four-headed hydra
 18274 | Lair:4   | Killed a four-headed hydra
 18828 | Lair:5   | Noticed an eight-headed hydra
 18838 | Lair:5   | Killed an eight-headed hydra
 18838 | Lair:5   | Reached XP level 13. HP: 27/72 MP: 18/18
 18893 | Lair:5   | Found a dark tunnel.
 18922 | Volcano  | Entered a volcano
 19158 | Volcano  | Found a radiant altar of Vehumet.
 19337 | Lair:5   | Found a staircase to the Slime Pits.
 19340 | Lair:5   | Found a viscous altar of Jiyva.
 19957 | Lair:5   | Noticed Snorg
 19971 | Lair:5   | Killed Snorg
 20011 | Lair:6   | Entered Level 6 of the Lair of Beasts
 20233 | Lair:6   | Reached skill level 5 in Armour
 20303 | Lair:6   | Reached skill level 10 in Fighting
 20437 | Lair:6   | Reached XP level 14. HP: 73/79 MP: 19/19
 21668 | D:4      | Killed Menkaure
 22055 | Orc:1    | Entered Level 1 of the Orcish Mines
 22278 | Orc:1    | Reached ****** piety under Hepliaklqana
 22693 | Orc:2    | Entered Level 2 of the Orcish Mines
 22693 | Orc:2    | Noticed a stone giant
 22700 | Orc:2    | Killed a stone giant
 22744 | Orc:2    | Found a staircase to the Elven Halls.
 22774 | Orc:2    | Noticed Donald
 22846 | Orc:2    | Found Edusmash's Antique Weapon Boutique.
 22854 | Orc:2    | Reached skill level 10 in Shields
 22878 | Orc:2    | Killed Donald
 22880 | Orc:2    | Got a polished shield {Donald}
 22921 | Orc:1    | Identified the +4 shield of the Zebra {rN++} (You took it off Donald on level 2 of the Orcish Mines)
 22941 | Orc:2    | Noticed an orc warlord
 22957 | Orc:2    | Killed an orc warlord
 23012 | Orc:2    | Found a roughly hewn altar of Beogh.
 23141 | Orc:2    | Found Keari's Antique Armour Shoppe.
 23166 | Orc:2    | Found Plog's Antique Armour Shoppe.
 23237 | Orc:2    | Found Entitauv's Weapon Emporium.
 23278 | Orc:2    | Found Bigruh's Antique Armour Emporium.
 23385 | Orc:2    | Found Zeleypaiwn's General Store.
 23389 | Orc:2    | Found Umooth's Jewellery Boutique.
 23433 | Orc:2    | Found Homaofapn's Distillery.
 23481 | Orc:2    | Found Yjus's Jewellery Emporium.
 23502 | Orc:2    | Reached skill level 10 in Dodging
 23703 | Orc:2    | Bought a scroll of teleportation for 48 gold pieces
 23800 | Orc:2    | Bought a potion of haste for 140 gold pieces
 23800 | Orc:2    | Bought a potion of haste for 140 gold pieces
 23800 | Orc:2    | Bought a potion of haste for 140 gold pieces
 23800 | Orc:2    | Bought a potion of might for 56 gold pieces
 23800 | Orc:2    | Bought a potion of ambrosia for 112 gold pieces
 23821 | Orc:2    | Bought a steaming rapier for 234 gold pieces
 23821 | Orc:2    | Identified the +11 rapier of Oozing Pus {pierce, rElec rC- MR+ SInv} (You bought it in a shop on level 2 of the Orcish Mines)
 23978 | Shoals:1 | Entered Level 1 of the Shoals
 24472 | Shoals:1 | Reached XP level 15. HP: 71/83 MP: 20/20
 26228 | Shoals:2 | Reached skill level 5 in Evocations
 27171 | Shoals:4 | Entered Level 4 of the Shoals
 27171 | Shoals:4 | Found Camnu's Magic Scroll Boutique.
 27186 | Shoals:4 | Bought a scroll of teleportation for 51 gold pieces
 27186 | Shoals:4 | Bought a scroll of acquirement for 884 gold pieces
 27300 | Snake:1  | Entered Level 1 of the Snake Pit
 27495 | Orc:2    | Bought the +0 Maxwell's etheric cage {RegenMP+ *Contam rElec MP+4} for 1240 gold pieces
 27495 | Orc:2    | Found the +0 Maxwell's etheric cage {RegenMP+ *Contam rElec MP+4}
 28025 | Snake:1  | Reached XP level 16. HP: 65/90 MP: 23/23
 29481 | Snake:2  | Reached skill level 1 in Throwing
 30306 | Snake:3  | Found Ucidujil's Distillery.
 30350 | Snake:3  | Found Jogad's General Store.
 30350 | Snake:3  | Found Naobbe's Antique Armour Boutique.
 30367 | Snake:3  | Found Ipha's Book Boutique.
 30426 | Snake:3  | Bought a potion of might for 72 gold pieces
 30432 | Snake:3  | Bought a pair of encrusted boots for 351 gold pieces
 30444 | Snake:3  | Identified the +2 pair of boots of Rodghun {rCorr Str+2 Int+3 Stlth+} (You bought it in a shop on level 3 of the Snake Pit)
 30899 | Snake:4  | Entered Level 4 of the Snake Pit
 31453 | Snake:4  | Reached XP level 17. HP: 88/95 MP: 25/25
 32229 | Snake:4  | Reached skill level 5 in Throwing
 32934 | Snake:4  | Got a serpentine rune of Zot
 34657 | Shoals:4 | Found Ubauph's Antique Armour Boutique.
 34682 | Shoals:4 | Noticed Ilsuiw
 34715 | Shoals:3 | Killed Ilsuiw
 34715 | Shoals:3 | Reached XP level 18. HP: 100/100 MP: 26/26
 35309 | Shoals:4 | Identified the Collected Works on Beguiling and Changing
 35337 | Shoals:4 | Reached skill level 10 in Armour
 35444 | Shoals:4 | Got a barnacled rune of Zot
 35622 | Shoals:4 | Learned a level 2 spell: Blink
 35632 | Shoals:4 | Noticed Jorgrun
 35649 | Shoals:4 | Killed Jorgrun
 36372 | Elf:1    | Entered Level 1 of the Elven Halls
 36471 | Elf:1    | Found a radiant altar of Vehumet.
 36636 | Elf:1    | Learned a level 1 spell: Apportation
 36747 | Elf:1    | Reached skill level 1 in Translocations
 36894 | Elf:1    | Reached skill level 15 in Shields
 36977 | Elf:1    | Identified the Volume of Conjuration and Creation
 37043 | Elf:1    | Noticed Roxanne
 37263 | Elf:1    | Noticed Agnes
 37274 | Elf:1    | Killed Agnes
 38205 | Elf:2    | Identified the cursed +0 scale mail "Tug Wuta" {MR- Dex+4 Stlth+} (You found it on level 2 of the Elven Halls)
 38602 | Elf:2    | Found a runed gate.
 38602 | Elf:2    | Found a runed gate.
 38602 | Elf:2    | Found a runed gate.
 38687 | Elf:2    | Reached XP level 19. HP: 107/107 MP: 27/27
 39368 | Elf:3    | Entered Level 3 of the Elven Halls
 40101 | Elf:3    | Reached skill level 15 in Dodging
 40903 | Elf:3    | Identified the Tome of Burning Evil Secrets
 40908 | Elf:3    | Identified the +8 falchion of Acuoppix {holy, MR+ Dex+5} (You found it on level 3 of the Elven Halls)
 41056 | Elf:3    | Identified the Volume of the Mountains and the Snowflakes
 41417 | D:12     | Found Weynutt's Antique Weapon Boutique.
 41559 | D:12     | Noticed Psyche
 41571 | D:12     | Killed Psyche
 41771 | D:12     | Noticed Kirke
 41784 | D:12     | Killed Kirke
 41798 | D:12     | Found Wawiesum's Antique Weapon Emporium.
 41810 | D:12     | Noticed Sonja
 41820 | D:12     | Killed Sonja
 42186 | D:11     | Killed Erolcha
 42459 | D:13     | Noticed Josephine
 42465 | D:13     | Killed Josephine
 42628 | D:13     | Noticed Rupert
 42638 | D:13     | Killed Rupert
 42879 | D:13     | Reached XP level 20. HP: 113/113 MP: 28/28
 42911 | D:13     | Noticed Nessos
 42924 | D:13     | Killed Nessos
 43252 | D:14     | Found a gate to the Vaults.
 43598 | D:14     | Identified the ring of Salvation {MR+ Dex+3 Slay+5} (You found it on level 14 of the Dungeon)
 43866 | D:14     | Noticed Urug
 43876 | D:14     | Killed Urug
 44082 | D:15     | Entered Level 15 of the Dungeon
 44220 | D:15     | Noticed Rhok's ghost (journeyman VSBe)
 44230 | D:15     | Killed Rhok's ghost
 44286 | D:15     | Found a staircase to the Depths.
 44974 | Vaults:1 | Entered Level 1 of the Vaults
 45142 | Vaults:1 | Reached skill level 10 in Throwing
 45431 | Vaults:1 | Noticed Asterion
 45437 | Vaults:1 | Killed Asterion
 45536 | Vaults:1 | Found Sento's Antique Armour Shop.
 46550 | Vaults:2 | Found a staircase to the Crypt.
 47169 | Vaults:2 | Reached XP level 21. HP: 118/118 MP: 29/29
 47872 | Vaults:3 | Identified the +3 buckler of Haros {Str-5 Int+6 Dex+4} (You found it on level 3 of the Vaults)
 48086 | Vaults:3 | Found a magical portal.
 48100 | WizLab   | Entered Lehudib's Moon Base
 48127 | WizLab   | Gained mutation: Your body sometimes deteriorates upon taking damage. [a neqoxec]
 48490 | WizLab   | Found a transporter.
 48539 | WizLab   | Paralysed by accursed screaming for 1 turns
 48670 | WizLab   | Paralysed by accursed screaming for 1 turns
 48799 | WizLab   | Reached skill level 15 in Fighting
 48996 | WizLab   | Found a transporter.
 49002 | WizLab   | Identified the ring "Kafoyly" {rF+ rN+ MR+ Dex+3} (You found it in a wizard's laboratory)
 50895 | Vaults:4 | Reached XP level 22. HP: 126/126 MP: 30/30
 51424 | Orc:2    | Bought smoking gold dragon scales for 3145 gold pieces
 51424 | Orc:2    | Identified the +9 gold dragon scales "Jureko" {rPois rF+ rC+ Dex+4 SInv} (You bought it in a shop on level 2 of the Orcish Mines)
 51775 | Vaults:4 | Found Gegastosk's Jewellery Emporium.
 52323 | Vaults:4 | Reached skill level 15 in Long Blades
 52749 | Depths:1 | Entered Level 1 of the Depths
 52796 | Depths:1 | Found a shattered altar of Ashenzari.
 53407 | D:12     | Bought a glowing double sword for 612 gold pieces
 53794 | Depths:1 | Found a gateway to Hell.
 53973 | Depths:2 | Noticed Bai Suzhen
 53985 | Depths:2 | Noticed Saint Roka
 53994 | Depths:1 | Killed Bai Suzhen
 54023 | Depths:2 | Killed Saint Roka
 54140 | Depths:2 | Noticed the Enchantress
 54148 | Depths:2 | Killed the Enchantress
 54160 | Depths:2 | Identified the +2 faerie dragon scales {rCorr Int+3} (You took it off the Enchantress on level 2 of the Depths)
 54962 | Depths:2 | Reached XP level 23. HP: 131/131 MP: 31/31
 56424 | Depths:3 | Found a one-way gate leading to the halls of Pandemonium.
 56679 | Depths:4 | Found a gateway to a bazaar.
 56720 | Depths:4 | Found a runed door.
 56733 | Depths:4 | Noticed a juggernaut
 56736 | Depths:4 | Identified the ring "Xuxuzemp" {*Corrode rElec EV+2 Str+3 Int+4} (You found it on level 4 of the Depths)
 56751 | Depths:4 | Killed a juggernaut
 56752 | Depths:4 | Noticed Boris
 56771 | Depths:4 | Killed Boris
 57031 | Depths:4 | Identified the -3 pair of boots of Space {rElec} (You found it on level 4 of the Depths)
 57071 | Depths:4 | Found a hide-covered altar of Uskayaw.
 57121 | Depths:4 | Noticed Mara
 57124 | Depths:4 | Noticed Sergey's illusion
 57212 | Depths:5 | Entered Level 5 of the Depths
 57235 | Depths:5 | Reached XP level 24. HP: 136/138 MP: 31/31
 57351 | Depths:5 | Found a gate to the Realm of Zot.
 57392 | Depths:5 | Found a gateway to a ziggurat.
 57876 | Depths:4 | Found Teygaf's Book Shoppe.
 58017 | Depths:4 | Noticed Sergey's illusion
 58506 | Depths:4 | Found a one-way gate to the infinite horrors of the Abyss.
 58877 | Depths:4 | Killed Mara
 58959 | Depths:4 | Found a one-way gate to the infinite horrors of the Abyss.
 59080 | Depths:4 | Found a hide-covered altar of Uskayaw.
 59173 | Depths:4 | Found a gateway to a bazaar.
 59300 | Depths:4 | Found Teygaf's Book Shoppe.
 59376 | Depths:4 | Found a gateway to a bazaar.
 59402 | Depths:4 | Found Teygaf's Book Shoppe.
 59796 | Depths:4 | Found a one-way gate to the infinite horrors of the Abyss.
 59866 | Depths:4 | Found a hide-covered altar of Uskayaw.
 60117 | Bazaar   | Entered a bazaar
 60117 | Bazaar   | Found Qiuhasit's General Store.
 60124 | Bazaar   | Found Cuak's Antique Armour Boutique.
 60132 | Bazaar   | Found Ugohevia's Antique Weapon Boutique.
 60154 | Bazaar   | Found Zaits's Jewellery Shop.
 60162 | Bazaar   | Bought an uncursed amulet of guardian spirit for 270 gold pieces
 60162 | Bazaar   | Found Salud's Magic Scroll Shop.
 60178 | Bazaar   | Bought the amulet "Afogid" {+Inv rC+ Regen+ Str+3} for 515 gold pieces
 60199 | Bazaar   | Bought a scroll of teleportation for 27 gold pieces
 60642 | Slime:1  | Entered Level 1 of the Pits of Slime
 60925 | Slime:3  | Reached skill level 1 in Spellcasting
 61146 | Slime:5  | Entered Level 5 of the Pits of Slime
 61399 | Slime:5  | Found a viscous altar of Jiyva.
 61400 | Slime:5  | Noticed the Royal Jelly
 61680 | Slime:5  | Gained mutation: You are occasionally teleported next to monsters. [a shining eye]
 61704 | Slime:5  | Reached XP level 25. HP: 107/144 MP: 31/31
 62097 | Slime:4  | Reached skill level 5 in Spellcasting
 62101 | Slime:4  | Mangled by a titanic slime creature

Vault maps used:
D:1:      giann_wishing_wells
D:2:      lemuel_doored_altar, zin_purify, uniq_terence, uniq_robin
D:3:      amethyst_overflow_temple_binary, portal_sewer_entry_d
D:4:      minmay_temple_entry_statues, enter_ossuary_2, uniq_menkaure
D:5:      bloody_trog, first_ration
D:6:      cheibrodos_barr_body, uniq_pikel
D:7:      cheibrodos_helix_gallery, lemuel_round_altar, slow_altar_1,
          serial_shops, nicolae_shop_competitors_out_of_business
D:8:      kennysheep_little_box, minmay_lair_entry_grove, basic_altar
D:9:      due_megacathedral, elyvilon_altar_5, lemuel_crystal_altar,
          orc_david_3, serial_shops, nicolae_shop_window_shopping,
          kennysheep_mini_moat, nicolae_shop_crystal, special_room,
          uniq_prince_ribbit1
D:10:     lemuel_insect_pit, grunt_livestock
D:11:     uniq_erolcha
D:12:     serial_shops, shop, shop, uniq_kirke, uniq_sonja, uniq_psyche
D:13:     stair_cage_open, uniq_josephine, uniq_rupert, uniq_nessos
D:14:     david_vaults_5, serial_bayou_lagoon_a, kennysheep_small_square,
          uniq_urug
D:15:     grunt_enter_depths_giant_problem, kennysheep_pointless_box
Temple:   minmay_temple_forest_path
Lair:1:   beast_lair_carwin_9
Lair:2:   guppyfry_snake_entry_island, hangedman_lair_unloving_vines
Lair:3:   nicolae_quartered_pool_medium
Lair:4:   minmay_shoals_entry_beasts, basic_altar, grunt_megastairs_3
Lair:5:   slime_altar_1, special_room, enter_volcano_1, st_stairs_6,
          serial_bayou_shore_b, serial_bayou_shore_b, grunt_megastairs_2,
          uniq_snorg
Lair:6:   minmay_lair_end_frog_pond
Shoals:1: cheibrodos_shoals_satyrical_garden
Shoals:4: shoals_end_grunt_ice, shoal_ilsuiw, serial_shops, shop, shop_statue,
          uniq_jorgrun
Snake:1:  grunt_ministairs_9
Snake:2:  nicolae_snake_hallway, nrook_guardian_serpent_double
Snake:3:  minmay_shoptagon
Snake:4:  grunt_snake_rune_spirals
Orc:2:    grunt_orc_gardens, grunt_orc_garden, grunt_orc_garden,
          grunt_orc_garden, grunt_orc_garden, basic_altar, serial_shops, shop,
          shop, shop, shop, nicolae_shop_crystal, uniq_donald
Elf:1:    eino_elf_arrival_customs, basic_altar, minmay_elf_sorcery,
          uniq_roxanne, uniq_agnes
Elf:3:    minmay_elf_hall_spiked
Vaults:1: v_pattern_3, vaults_mumra_lcd, nicolae_vaults_network_barrier,
          v_misc_3, nicolae_vaults_branching_niches, vaults_room_pools,
          nicolae_vaults_theta, ontoclasm_vaults_tryst, v_misc_27,
          nicolae_vaults_three_branches, vaults_mumra_minichess,
          nicolae_vaults_little_squares_3, v_misc_8, vaults_mumra_chevron_long,
          serial_shops, nicolae_shop_waterfront, uniq_asterion
Vaults:2: vaults_standard_mumra_lines, dpeg_vaults_monster_row,
          nicolae_vaults_windows_and_doors_thing, v_alt_pattern_2,
          vaults_room_fours, nicolae_vaults_asterisk, grunt_vaults_diagonal,
          minmay_crypt_entry_simple_statues
Vaults:3: grunt_vaults_hallway_short, serial_ice_b, nicolae_vaults_network_star,
          nicolae_vaults_network_s, nicolae_vaults_mini_display_case,
          nicolae_vaults_alarming, v_pattern_4, vaults_room_boxed,
          nicolae_vaults_angled_halls, vaults_room_stairs_pillars,
          ontoclasm_vaults_claustrophobia, ontoclasm_vaults_idyll,
          mu_enter_wizlab_4
Vaults:4: nicolae_vaults_ring_of_whatevers, nicolae_vaults_network_square,
          vaults_dpeg_diagonal, ontoclasm_vaults_ring_square,
          ontoclasm_vaults_eye, ontoclasm_vaults_gateway, dpeg_vaults_waves,
          nicolae_vaults_rhombus_5, vaults_room_semicircle, serial_shops, shop
Depths:1: serial_sigils_hangedman_shear, hangedman_geh_valley,
          nicolae_ashenzari_panopticon
Depths:2: minmay_chopped_fan, grunt_hell_entry_dis_old,
          hangedman_decor_clover_reticule, minmay_staircase_bubble,
          uniq_saint_roka, uniq_enchantress, uniq_bai_suzhen
Depths:3: lemuel_castle_with_subvaults, serial_bayou_shore_a, pan_entry,
          hangedman_coc_ice_floe, infiniplex_staircase_pool_2
Depths:4: minmay_the_grid_octo_tiled_octocenter, serial_shops, freezing_bzr,
          shop, grunt_pan_entry_zigzag, corexii_leaking_fountain, hell_entry,
          abyss_entry_small_statue_room, uniq_mara, uniq_boris
Depths:5: grunt_zot_entry_alcove, enter_ziggurat_f, rand_demon_pan_entry_5,
          hell_entry, serial_bayou_shore_b, uniq_xtahua
Bazaar:   bazaar_lake
Sewer:    sewer_co_purgy_island
Ossuary:  ossuary_tomb_2
Volcano:  volcano_lake
WizLab:   wizlab_lehudib

Skill      XL: |  1  2  3  4  5  6  7  8  9 10 11 12 13 14 15 16 17 18 19 20 21 22 23 24 25 |
---------------+----------------------------------------------------------------------------+-----
Long Blades    | 3 4 5 6 7 10 11 13 14 15 | 15.7
Dodging        | 4 5 6 7 9 10 11 12 13 14 15 16 17 18 19 | 19.9
Fighting       | 3 4 5 6 7 8 9 10 11 12 13 14 15 16 17 | 17.1
Short Blades   | 2 5 |  5.8
Stealth        | 4 5 6 7 8 |  8.3
Shields        | 4 6 8 10 11 13 14 15 16 17 18 19 | 19.3
Invocations    | 3 5 7 8 |  8.0
Evocations     | 3 5 |  5.0
Armour         | 2 5 6 7 8 9 10 11 12 13 14 | 14.8
Throwing       | 4 5 6 9 10 11 12 | 12.9
Translocations | 3 4 |  4.0
Spellcasting   | 4 5 |  5.0

Action                   |  1- 3 |  4- 6 |  7- 9 | 10-12 | 13-15 | 16-18 | 19-21 | 22-24 | 25-27 || total
-------------------------+-------+-------+-------+-------+-------+-------+-------+-------+-------++-------
Melee: Falchion          |    47 |   458 |   176 |       |       |       |       |       |       ||   681
       Short sword       |       |       |   439 |   822 |   472 |       |       |       |       ||  1733
       Demon blade       |       |       |       |    62 |   778 |  1457 |  1707 |  1598 |    90 ||  5692
       Rapier            |       |       |       |       |    12 |       |     5 |       |       ||    17
       Double sword      |       |       |       |       |       |       |       |   170 |       ||   170
 Fire: Shortbow          |       |     2 |    38 |     1 |       |       |       |       |       ||    41
Throw: Stone             |       |     3 |       |       |       |       |       |       |       ||     3
       Javelin           |       |       |       |       |     2 |    23 |    15 |    20 |       ||    60
       Throwing net      |       |       |       |       |       |       |     1 |     1 |       ||     2
 Cast: Apportation       |       |       |       |       |       |     2 |     2 |       |       ||     4
       Blink             |       |       |       |       |       |       |     3 |     1 |       ||     4
Invok: Recall Ancestor   |       |       |     2 |     6 |     7 |    12 |     3 |     5 |       ||    35
       Ancestor Life: Ba |       |       |     1 |       |       |       |       |       |       ||     1
       Ancestor Identity |       |       |     1 |       |       |       |       |       |       ||     1
       Transference      |       |       |       |     1 |       |     6 |     2 |     1 |       ||    10
       Idealise          |       |       |       |       |     6 |     6 |     6 |     2 |       ||    20
Evoke: Wand              |       |       |       |    10 |    83 |    17 |     5 |     4 |       ||   119
       Lightning rod     |       |       |       |     8 |    16 |    14 |    11 |    10 |       ||    59
       Phial of floods   |       |       |       |       |       |       |     3 |     2 |       ||     5
       Lamp of fire      |       |       |       |       |       |       |     2 |     6 |       ||     8
  Use: Potion            |     3 |     1 |     2 |       |     6 |     4 |     2 |     2 |       ||    20
       Scroll            |     1 |     7 |    14 |    16 |    10 |     5 |    14 |     8 |       ||    75
 Stab: Sleeping          |     2 |     4 |     9 |    17 |     4 |     8 |    46 |       |       ||    90
       Distracted        |       |       |     1 |     8 |    23 |    23 |    19 |    29 |     1 ||   104
       Paralysed         |       |       |       |       |     3 |       |       |       |       ||     3
       Invisible         |       |       |       |       |     2 |       |       |       |       ||     2
       Confused          |       |       |       |       |       |       |     1 |       |       ||     1
       Held in net/web   |       |       |       |       |       |       |       |     2 |       ||     2
  Eat: Chunk             |       |    10 |    16 |    26 |    31 |    19 |    38 |    28 |       ||   168
       Ration            |       |     1 |     1 |       |       |     5 |     1 |     3 |       ||    11
Armor: Ring mail         |    13 |   153 |   120 |   127 |   179 |   137 |    83 |       |       ||   812
       Leather armour    |       |       |    37 |    56 |       |       |       |       |       ||    93
       Troll leather arm |       |       |       |     2 |       |       |     6 |     4 |       ||    12
       Chain mail        |       |       |       |     1 |       |       |       |       |       ||     1
       Skin              |       |       |       |       |     7 |       |       |       |       ||     7
       Gold dragon scale |       |       |       |       |       |       |       |   297 |    49 ||   346
Dodge: Dodged            |    27 |   289 |   351 |   403 |   346 |   510 |   359 |   417 |    57 ||  2759
Block: Buckler           |       |       |       |    39 |       |       |       |       |       ||    39
       Large shield      |       |       |       |   246 |  1028 |   499 |  1319 |  1695 |   163 ||  4950
       Reflection        |       |       |       |     1 |    64 |    64 |   129 |   127 |       ||   385
       Shield            |       |       |       |       |       |   467 |       |       |       ||   467
       Rpst.: Falchion   |     7 |    95 |    37 |       |       |       |       |       |       ||   139
       Demon blade       |       |       |       |     2 |    35 |    82 |    62 |    57 |     2 ||   240
       Double sword      |       |       |       |       |       |       |       |     5 |       ||     5

Table legend:
 A = Spawn XP
 B = Non-spawn XP
 C = Spawn XP percentage of total XP
 D = Spawn monster count
 E = Non-spawn monster count
 F = Spawn count percentage of total count
 G = Total turns spent on level
                    A         B        C        D         E        F      G
               +---------+---------+-------+---------+---------+-------+---------
         Total |       0 | 1168162 |   0.0 |       0 |    2177 |   0.0 | 62101
               +---------+---------+-------+---------+---------+-------+---------
           D:1 |       0 |      30 |   0.0 |       0 |      11 |   0.0 |  1243
           D:2 |       0 |     302 |   0.0 |       0 |      41 |   0.0 |  1684
           D:3 |       0 |     124 |   0.0 |       0 |      31 |   0.0 |  1110
           D:4 |       0 |     604 |   0.0 |       0 |      24 |   0.0 |  1402
           D:5 |       0 |    1227 |   0.0 |       0 |      26 |   0.0 |  1599
           D:6 |       0 |     851 |   0.0 |       0 |      27 |   0.0 |  1323
           D:7 |       0 |    1390 |   0.0 |       0 |      29 |   0.0 |  1016
           D:8 |       0 |    3258 |   0.0 |       0 |      43 |   0.0 |  1097
           D:9 |       0 |    5373 |   0.0 |       0 |      66 |   0.0 |  1797
          D:10 |       0 |    4636 |   0.0 |       0 |      51 |   0.0 |  1505
          D:11 |       0 |    2003 |   0.0 |       0 |      11 |   0.0 |  1123
          D:12 |       0 |    7948 |   0.0 |       0 |      47 |   0.0 |   902
          D:13 |       0 |   15449 |   0.0 |       0 |      47 |   0.0 |   861
          D:14 |       0 |   20014 |   0.0 |       0 |      47 |   0.0 |  1104
          D:15 |       0 |   15653 |   0.0 |       0 |      21 |   0.0 |  1040
        Lair:1 |       0 |    2313 |   0.0 |       0 |       8 |   0.0 |  1057
        Lair:2 |       0 |    7866 |   0.0 |       0 |      24 |   0.0 |  1256
        Lair:3 |       0 |    6113 |   0.0 |       0 |      19 |   0.0 |   806
        Lair:4 |       0 |    4679 |   0.0 |       0 |      17 |   0.0 |   848
        Lair:5 |       0 |   20543 |   0.0 |       0 |      51 |   0.0 |  1135
        Lair:6 |       0 |   20486 |   0.0 |       0 |      70 |   0.0 |  1201
      Shoals:1 |       0 |   18506 |   0.0 |       0 |      35 |   0.0 |  1186
      Shoals:2 |       0 |   18459 |   0.0 |       0 |      36 |   0.0 |  1287
      Shoals:3 |       0 |   12796 |   0.0 |       0 |      22 |   0.0 |  1038
      Shoals:4 |       0 |   38407 |   0.0 |       0 |      62 |   0.0 |  1399
       Snake:1 |       0 |   14639 |   0.0 |       0 |      30 |   0.0 |  1096
       Snake:2 |       0 |   23397 |   0.0 |       0 |      43 |   0.0 |  1536
       Snake:3 |       0 |   11016 |   0.0 |       0 |      21 |   0.0 |   870
       Snake:4 |       0 |   94902 |   0.0 |       0 |     141 |   0.0 |  3294
       Slime:1 |       0 |    6163 |   0.0 |       0 |      10 |   0.0 |    34
       Slime:3 |       0 |   17146 |   0.0 |       0 |      27 |   0.0 |   135
       Slime:4 |       0 |   20148 |   0.0 |       0 |      22 |   0.0 |   712
       Slime:5 |       0 |   33490 |   0.0 |       0 |      37 |   0.0 |   353
         Orc:1 |       0 |    3657 |   0.0 |       0 |      31 |   0.0 |   914
         Orc:2 |       0 |   15285 |   0.0 |       0 |      58 |   0.0 |  1192
         Elf:1 |       0 |   27589 |   0.0 |       0 |      43 |   0.0 |  1746
         Elf:2 |       0 |   42610 |   0.0 |       0 |      56 |   0.0 |  1522
         Elf:3 |       0 |   54377 |   0.0 |       0 |      46 |   0.0 |  1962
      Vaults:1 |       0 |   51443 |   0.0 |       0 |      96 |   0.0 |  1697
      Vaults:2 |       0 |   38850 |   0.0 |       0 |      66 |   0.0 |  1504
      Vaults:3 |       0 |   40140 |   0.0 |       0 |      64 |   0.0 |  1279
      Vaults:4 |       0 |   42833 |   0.0 |       0 |      46 |   0.0 |  1331
      Depths:1 |       0 |   31939 |   0.0 |       0 |      39 |   0.0 |  1137
      Depths:2 |       0 |   82000 |   0.0 |       0 |      91 |   0.0 |  1600
      Depths:3 |       0 |   57018 |   0.0 |       0 |      82 |   0.0 |  1062
      Depths:4 |       0 |   99693 |   0.0 |       0 |      88 |   0.0 |  2906
      Depths:5 |       0 |   72506 |   0.0 |       0 |      66 |   0.0 |   661
         Sewer |       0 |     139 |   0.0 |       0 |       6 |   0.0 |   188
       Ossuary |       0 |     358 |   0.0 |       0 |      32 |   0.0 |  1458
       Volcano |       0 |    3416 |   0.0 |       0 |      14 |   0.0 |   400
        WizLab |       0 |   54378 |   0.0 |       0 |      56 |   0.0 |   993
               +---------+---------+-------+---------+---------+-------+---------
